 Dungeon Crawl Stone Soup version 0.32-a0-17-gb74e046682 (webtiles) character file.

Game seed: 11159223228510251977

1323 hikkokomori the Blocker (level 8, -3/59 (61) HPs)
             Began as a Gnoll Wanderer on Jan 15, 2024.
             Was a Follower of Qazlal.
             Slain by a wight
             ... wielding a +0 battleaxe
              (7 damage)
             ... on level 6 of the Dungeon.
             The game lasted 00:13:02 (5198 turns).

hikkokomori the Blocker (Gnoll Wanderer)            Turns: 5198, Time: 00:13:03

HP:   -3/59 (61)    AC:  7    Str: 10    XL:     8   Next: 59%
MP:   22/22         EV: 13    Int: 10    God:    Qazlal [*.....]
Gold: 316           SH:  9    Dex: 17    Spells: 14/14 levels left

rFire   + . .        o - +2 short sword (protect)
rCold   . . .        b - +0 buckler {AC+3}
rNeg    . . .        e - +0 robe
rPois   .            (no helmet)
rElec   .            c - +0 cloak
rCorr   .            (no gloves)
SInv    .            v - +0 pair of boots
Will    .....        j - amulet of faith
Stlth   +++          l - ring of magical power
HPRegen 0.29/turn    r - ring of protection from fire
MPRegen 0.18/turn

%: faith
@: lightly drained
A: fangs 1, strong nose, distributed training
a: Renounce Religion


You were on level 6 of the Dungeon.
You worshipped Qazlal.
Qazlal was aware of your devotion.
You visited 2 branches of the dungeon, and saw 7 of its levels.

You collected 316 gold pieces.

Inventory:

Hand Weapons
 a - a +1 vampiric falchion
 f - a +0 whip of electrocution
 m - a +3 short sword of freezing
 o - a +2 short sword of protection (weapon)
 p - a +2 heavy hand axe
Missiles
 q - 4 javelins (quivered)
Armour
 b - a +0 buckler of protection (worn)
 c - a +0 cloak (worn)
 e - a +0 robe (worn)
 v - a +0 pair of boots (worn)
Jewellery
 j - an amulet of faith (around neck)
 l - a ring of magical power (left hand)
 r - a ring of protection from fire (right hand)
 t - a ring of magical power
Scrolls
 d - 4 scrolls of teleportation
 k - 3 scrolls of amnesia
 x - a scroll of enchant weapon
Potions
 g - a potion of attraction {unknown}
 h - a potion of mutation {unknown}
 i - 2 potions of invisibility
 n - a potion of haste
 s - 2 potions of might {unknown}
 u - a potion of resistance
 w - a potion of curing
 z - 2 potions of magic


   Skills:
 + Level 4.4 Fighting
 + Level 3.5 Short Blades
 + Level 5.8 Long Blades
 + Level 3.5 Axes
 + Level 3.5 Maces & Flails
 + Level 3.5 Polearms
 + Level 3.5 Staves
 + Level 3.5 Ranged Weapons
 + Level 4.4 Throwing
 + Level 3.5 Armour
 + Level 3.5 Dodging
 + Level 4.3 Stealth
 + Level 11.0 Shields
 + Level 3.5 Unarmed Combat
 + Level 3.5 Spellcasting
 + Level 2.9 Conjurations
 + Level 2.9 Hexes
 + Level 2.9 Summonings
 + Level 2.9 Necromancy
 + Level 2.9 Translocations
 + Level 2.9 Fire Magic
 + Level 2.9 Ice Magic
 + Level 2.9 Air Magic
 + Level 2.9 Earth Magic
 + Level 2.9 Alchemy
 + Level 3.9 Invocations
 + Level 3.5 Evocations
 + Level 3.2 Shapeshifting


You had 14 spell levels left.
You didn't know any spells.
Your spell library contained the following spells:

 Spells                   Type           Power      Damage    Failure   Level
 Static Discharge         Conj/Air       14%        3-4/arc   16%         2
 Dazzling Flash           Conj/Hex       14%        N/A       30%         3
 Mephitic Cloud           Conj/Alch/Air  7%         N/A       30%         3
 Volatile Blastmotes      Fire/Tloc      14%        2d11      30%         3
 Airstrike                Air            3%         2d(1-17)  71%         4
 Summon Lightning Spire   Summ/Air       7%         N/A       71%         4
 Curse of Agony           Necr           7%         N/A       96%         5
 Silence                  Hex/Air        3%         N/A       96%         5
 Starburst                Conj/Fire      3%         6d3       100%        6
 Maxwell's Capacitive Co  Air            3%         ∞         100%        8


Dungeon Overview and Level Annotations

Branches:
Dungeon (6/15)             Temple (1/1) D:5

Altars:
Ashenzari
Cheibriados
Dithmenos
Elyvilon
Fedhas
Gozag
Hepliaklqana
Kikubaaqudgha
Makhleb
Nemelex Xobeh
Okawaru
Qazlal
Ru
Sif Muna
Trog
Uskayaw
Vehumet
Wu Jian
Xom
Yredelemnul
Zin
The Shining One

Shops:
D:1 :


Innate Abilities, Weirdness & Mutations

You have very sharp teeth.
Your uncanny sense of smell can sniff out nearby items.
Your experience applies equally to all skills.


Message History

Unknown command.
You closely miss the iguana.
The iguana is heavily wounded.
You block the iguana's attack.
Unknown command.
You hit the iguana.
The iguana is almost dead.
The iguana misses you.
Unknown command.
You hit the iguana but do no damage.
The iguana is almost dead.
You block the iguana's attack.
Unknown command.
You hit the iguana.
You feel better.
The iguana is almost dead.
You block the iguana's attack.
Unknown command.
You closely miss the iguana.
The iguana is almost dead.
The iguana bites you.
* * * LOW HITPOINT WARNING * * *
Unknown command.
You closely miss the iguana.
The iguana is almost dead.
You block the iguana's attack.
Unknown command.
You hit the iguana but do no damage.
The iguana is almost dead.
The iguana bites you!
* * * LOW HITPOINT WARNING * * *
Unknown command.
You slash the iguana!
You feel better.
You kill the iguana!
Qazlal accepts your kill.
Unknown command.
You feel the dreadful sensation subside.
Your +2 short sword of protection hums with potential!
o - a +2 short sword of protection (weapon)
The wight hits you with a +0 battleaxe!
You die...

..........#.. #...##
.............#.. #.....
...............# #...#.
...............# ######.##.
...llz.........# ##.........
#....#.....# ##..........
#####.#####....# #.).........
#.............########...........
..............zz@................
..............######.............
...............####..............
....................##...........
.................................
..................#####..........
............#.##..# #..#..#†##.
#.............##..### ##....#.###
#######..###........# #>.......<.


You could see 2 wights.

Vanquished Creatures
  2 black bears
  An ogre (D:5)
  A centaur (D:5)
  A bullfrog (D:4)
  2 scorpions
  5 wights
  3 hounds
  A bombardier beetle (D:3)
  3 jellies
  4 iguanas
  3 sleepcaps
  5 adders
  A white imp (D:6)
  2 ribbon worms (D:3)
  3 dart slugs
  8 orcs
  An endoplasm (D:1)
  5 giant cockroaches
  5 goblins
  12 hobgoblins
  6 kobolds
  3 quokkas
  8 ball pythons
  11 bats
  2 frilled lizards
  3 rats
101 creatures vanquished.

Notes
Turn   | Place    | Note
-------+----------+-------------------------------------------
     0 | D:1      | Reached skill level 10 in Shields
     0 | D:1      | hikkokomori the Gnoll Wanderer began the quest for the Orb.
     0 | D:1      | hikkokomori set off with the following items: a +0
                  | falchion, a +0 buckler of protection, a +0 cloak, a scroll
                  | of teleportation, a +0 robe.
     0 | D:1      | Reached XP level 1. HP: 17/17 MP: 1/1
   142 | D:1      | Reached XP level 2. HP: 23/23 MP: 2/2
   490 | D:1      | Found Jusasy's Book Shop.
   548 | D:2      | Reached XP level 3. HP: 28/28 MP: 3/3
   659 | D:2      | Reached skill level 1 in Invocations
   834 | D:2      | Reached skill level 1 in Short Blades
   834 | D:2      | Reached skill level 1 in Axes
   834 | D:2      | Reached skill level 1 in Maces & Flails
   834 | D:2      | Reached skill level 1 in Polearms
   834 | D:2      | Reached skill level 1 in Staves
   834 | D:2      | Reached skill level 1 in Ranged Weapons
   834 | D:2      | Reached skill level 1 in Armour
   834 | D:2      | Reached skill level 1 in Dodging
   834 | D:2      | Reached skill level 1 in Unarmed Combat
   834 | D:2      | Reached skill level 1 in Spellcasting
   834 | D:2      | Reached skill level 1 in Evocations
  1262 | D:3      | Reached skill level 1 in Shapeshifting
  1262 | D:3      | Reached XP level 4. HP: 34/34 MP: 5/5
  1295 | D:3      | Reached skill level 1 in Conjurations
  1295 | D:3      | Reached skill level 1 in Hexes
  1295 | D:3      | Reached skill level 1 in Summonings
  1295 | D:3      | Reached skill level 1 in Necromancy
  1295 | D:3      | Reached skill level 1 in Translocations
  1295 | D:3      | Reached skill level 1 in Fire Magic
  1295 | D:3      | Reached skill level 1 in Ice Magic
  1295 | D:3      | Reached skill level 1 in Air Magic
  1295 | D:3      | Reached skill level 1 in Earth Magic
  1295 | D:3      | Reached skill level 1 in Alchemy
  1500 | D:3      | Reached XP level 5. HP: 40/40 MP: 7/7
  1578 | D:3      | Found an opulent altar of Gozag.
  1862 | D:5      | Entered Level 5 of the Dungeon
  2069 | D:5      | Found a staircase to the Ecumenical Temple.
  2100 | Temple   | Entered the Ecumenical Temple
  2326 | Temple   | Became a worshipper of Qazlal Stormbringer
  2843 | D:4      | Reached XP level 6. HP: 33/47 MP: 8/8
  3054 | D:4      | Reached skill level 5 in Long Blades
  3724 | D:5      | Reached XP level 7. HP: 46/52 MP: 10/10
  4443 | D:5      | Reached * piety under Qazlal
  4444 | D:5      | Reached XP level 8. HP: 30/60 MP: 12/12
  4830 | D:6      | Reached skill level 11 in Shields
  5198 | D:6      | Slain by a wight

Illustrated notes

Levels and vault maps discovered:
D:1:      psy_arrival_statuary, layout_basic, serial_shops,
          nicolae_shop_just_a_little_nook, minmay_misc_feat_rugged
D:2:      layout_loops_ring
D:3:      layout_rooms, nicolae_overflow_hidden_temple
D:4:      layout_layer_cave, small_statue_intersection
D:5:      layout_loops_ring, minmay_temple_entry_butterflies
D:6:      layout_rooms
Temple:   compressed_dpeg_circular_temple

Skill      XL: |  1  2  3  4  5  6  7  8 |
---------------+-------------------------+-----
Shields        | 11 | 11.0
Invocations    | 1 2 3 |  3.9
Short Blades   | 1 2 3 |  3.5
Axes           | 1 2 3 |  3.5
Maces & Flails | 1 2 3 |  3.5
Polearms       | 1 2 3 |  3.5
Staves         | 1 2 3 |  3.5
Ranged Weapons | 1 2 3 |  3.5
Armour         | 1 2 3 |  3.5
Dodging        | 1 2 3 |  3.5
Unarmed Combat | 1 2 3 |  3.5
Spellcasting   | 1 2 3 |  3.5
Evocations     | 1 2 3 |  3.5
Shapeshifting  | 1 2 3 |  3.2
Conjurations   | 1 2 |  2.9
Hexes          | 1 2 |  2.9
Summonings     | 1 2 |  2.9
Necromancy     | 1 2 |  2.9
Translocations | 1 2 |  2.9
Fire Magic     | 1 2 |  2.9
Ice Magic      | 1 2 |  2.9
Air Magic      | 1 2 |  2.9
Earth Magic    | 1 2 |  2.9
Alchemy        | 1 2 |  2.9
Fighting       | 3 4 |  4.4
Throwing       | 3 4 |  4.4
Stealth        | 3 4 |  4.3
Long Blades    | 5 |  5.8

Action                     |  1- 3 |  4- 6 |  7- 9 || total
---------------------------+-------+-------+-------++-------
  Melee: Falchion          |    86 |   157 |   176 ||   419
         Bite              |    10 |    17 |    20 ||    47
         Whip              |    29 |       |       ||    29
  Throw: Javelin           |       |       |    11 ||    11
    Use: Scroll            |       |    11 |     2 ||    13
         Potion            |       |       |     4 ||     4
   Stab: Sleeping          |     9 |     5 |       ||    14
         Invisible         |       |       |     1 ||     1
 Armour: Robe              |    71 |    90 |    85 ||   246
  Dodge: Dodged            |    72 |    98 |    89 ||   259
  Block: Buckler           |    36 |    77 |    85 ||   198

Table legend: (Time is in decaauts)
 A = Elapsed time spent in this place.
 B = Non-inter-level travel time spent in this place.
 C = Inter-level travel time spent in this place.
 D = Time resting spent in this place.
 E = Time spent auto-exploring this place.
 F = Levels seen in this place.
 G = Mean time per level.
                   A        B        C        D        E       F      G
               +--------+--------+--------+--------+--------+-----+--------+
         Total |   5216 |   5047 |    169 |    230 |   3408 |   7 |  745.1 |
       Dungeon |   4972 |   4835 |    137 |    230 |   3408 |   6 |  828.7 |
        Temple |    243 |    211 |     32 |      0 |      0 |   1 |  243.0 |
               +--------+--------+--------+--------+--------+-----+--------+

Top non-repeatable levels by time:
     D:5: 1565 daAuts
     D:4: 1083 daAuts
     D:2: 703 daAuts
     D:3: 620 daAuts
     D:1: 550 daAuts
     D:6: 448 daAuts
  Temple: 243 daAuts
